 Dungeon Crawl Stone Soup version 0.29.1-15-g9cfb28693d (webtiles) character file.

Game seed: 13270896742828307462

1946 DemonSlayer the Magician (level 8, -1/49 (56) HPs)
             Began as a Demonspawn Earth Elementalist on Mar 6, 2023.
             Was a Follower of Cheibriados.
             Killed by divine providence
             ... invoked by an orc priest
              (12 damage)
             ... on level 7 of the Dungeon.
             The game lasted 00:15:05 (5500 turns).

DemonSlayer the Magician (DsEE)                     Turns: 5500, Time: 00:15:06

HP:   -1/49 (56)    AC:  5    Str: 10    XL:     8   Next: 98%
MP:   17/18         EV: 13    Int: 22    God:    Cheibriados [*.....]
Gold: 188           SH:  6    Dex: 15    Spells: 3/20 levels left

rFire   . . .      SeeInvis .   z - +3 quarterstaff (drain)
rCold   . . .      Faith    .   (shield currently unavailable)
rNeg    . . .      Spirit   .   w - +0 steam dragon scales
rPois   .          Reflect  .   (no helmet)
rElec   .          Harm     .   (no cloak)
rCorr   .          Rampage  .   (no gloves)
Will    .....                   (no boots)
Stlth   +++.......              d - amulet of regeneration
HPRegen 0.96/turn               (no ring)
MPRegen 0.16/turn               (no ring)

@: heavily drained, very slow
A: large bone plates 2, spiny 3, demonic magic 1
a: Renounce Religion, Bend Time


You were on level 7 of the Dungeon.
You worshipped Cheibriados.
Cheibriados was aware of your devotion.
You visited 2 branches of the dungeon, and saw 8 of its levels.

You collected 188 gold pieces.

Inventory:

Hand Weapons
 z - a +3 quarterstaff of draining (weapon)
Missiles
 A - a throwing net
Armour
 w - +0 steam dragon scales (worn)
Jewellery
 d - an amulet of regeneration (around neck)
Wands
 f - a wand of acid (8)
 j - a wand of flame (22)
 q - a wand of roots (6)
 v - a wand of digging (5)
Scrolls
 e - a scroll of enchant armour {unknown}
 k - 3 scrolls of butterflies
 m - 2 scrolls of teleportation
 n - a scroll of enchant weapon {unknown}
 o - a scroll of poison {unknown}
 s - a scroll of torment
 t - 2 scrolls of summoning
 B - a scroll of fear {unknown}
 C - a scroll of immolation
Potions
 b - 4 potions of curing
 c - a potion of cancellation {unknown}
 g - a potion of mutation {unknown}
 h - a potion of flight {unknown}
 i - a potion of lignification {unknown}
 l - 4 potions of attraction
 p - 2 potions of degeneration {unknown}
 r - a potion of might {unknown}
 u - a potion of brilliance {unknown}


   Skills:
 + Level 1.8 Fighting
 + Level 1.3 Short Blades
 + Level 2.1 Staves
 + Level 2.7 Dodging
 + Level 5.0 Stealth
 + Level 1.1 Shields
 + Level 6.9 Spellcasting
 + Level 0.8 Transmutations
 + Level 6.1 Earth Magic


You had 3 spell levels left.
You knew the following spells:

 Your Spells              Type           Power      Damage    Failure   Level
a - Sandblast             Erth           68%        2d15      1%          1
b - Passwall              Tmut/Erth      19%        N/A       3%          2
c - Stone Arrow           Conj/Erth      42%        3d9       7%          3
d - Petrify               Tmut/Erth      23%        N/A       21%         4
e - Swiftness             Air            7%         N/A       26%         3
f - Fulminant Prism       Conj/Hex       3%         3d6       63%         4

Your spell library contained the following spells:

 Spells                   Type           Power      Damage    Failure   Level
 Ensorcelled Hibernation  Hex/Ice        14%        N/A       13%         2
 Sublimation of Blood     Necr           7%         N/A       13%         2
 Lee's Rapid Deconstruct  Erth           17%        3d11*     19%         5
 Iskenderun's Mystic Bla  Conj/Tloc      7%         2d4       63%         4
 Irradiate                Conj/Tmut      4%         3d13      89%         5


Dungeon Overview and Level Annotations

Branches:
Dungeon (7/15)             Temple (1/1) D:6

Altars:
Ashenzari
Cheibriados
Dithmenos
Fedhas
Gozag
Hepliaklqana
Nemelex Xobeh
Okawaru
Ru
Sif Muna
Trog
Uskayaw
Vehumet
Wu Jian
Xom
Yredelemnul

Shops:
D:4 (


Innate Abilities, Weirdness & Mutations

You are mostly covered in large bone plates. (SH +6)
You are completely covered in sharp spines.
Spells you cast may paralyse adjacent enemies.


Message History

You feel drained. You block the wight's attack.
You hit the kobold brigand.
You kill the kobold brigand!
Cheibriados appreciates the change of pace.
You can now bend time to slow others.
Cheibriados raises the support of your attributes as your movement slows.
The wight closely misses you.
The orc priest zaps a wand.
The puff of flame hits you. The wight hits you with a +4 spear.
You feel drained.
Things that are here:
a +1 short sword of draining; a curare-tipped dart; a kobold corpse The blast of sand hits the orc priest!
The orc priest is almost dead.
Malevolent energies surge around you. The wight is struck by your spines.
The wight hits you with a +4 spear.
You feel drained.
The orc priest zaps a wand.
The puff of flame hits you! You block the orc priest's attack.
The wight is struck by your spines. The wight hits you with a +4 spear!
You feel drained.
Save game and exit?
Okay, then.
Casting: Sandblast (safe; 1% risk of failure)
Confirm with . or Enter, or press ? or * to list all spells.
Aiming: Sandblast (safe; 1% risk of failure)
Press: ? - help, Shift-Dir - straight line, f/p - orc priest
Aim: an orc priest, wielding a +0 flail, wearing a +0 chain mail and carrying a wand of flame (18) (almost dead, 88% to hit)
The blast of sand hits the orc priest but does no damage.
The orc priest is almost dead.
Malevolent energies surge around you.
The orc priest hits you with a +0 flail.
* * * LOW HITPOINT WARNING * * *
The wight hits you with a +4 spear.
* * * LOW HITPOINT WARNING * * *
You feel drained.
* * * LOW HITPOINT WARNING * * *
Blink to where?
Press: ? - help, Dir - move target, p - orc priest
As you read the scroll of blinking, it crumbles to dust.
The orc priest mumbles some strange prayers to Beogh against you.
Beogh smites you!
You die...

###################
......[..#........#
.........#........#
.........'.†.†....#
.##.....##....##@#####
#....<########.##..##
#.....#.....#.......#
#.<...#.....#.......#
#.....#.....#.......#
#.....#....)#.......#
#.....#....)o.......#
......#....)#.......#
.......##...z##.##..##


You could see an orc priest.

Vanquished Creatures
  Sigmund (D:3)
  A steam dragon (D:7)
  A water moccasin (D:7)
  An orc warrior (D:6)
  An ice beast (D:5)
  2 black bears
  2 ogres
  A phantom (D:5)
  A kobold brigand (D:7)
  A necrophage (D:5)
  A scorpion (D:5)
  A howler monkey (D:6)
  2 jellies
  2 orc priests (D:5)
  A gnoll bouda (D:6)
  2 hounds
  3 iguanas
  Natasha (thrice) (D:2)
  3 orc wizards (D:5)
  8 gnolls
  6 adders
  A white imp (D:5)
  An ufetubus (D:6)
  4 worms
  A dart slug (D:2)
  14 orcs
  7 bats
  8 endoplasms
  5 giant cockroaches
  6 goblins
  10 hobgoblins
  3 jackals (D:4)
  16 kobolds
  2 quokkas
  7 ball pythons
  4 frilled lizards
  5 rats
138 creatures vanquished.

Notes
Turn   | Place    | Note
-------+----------+-------------------------------------------
     0 | D:1      | DemonSlayer the Demonspawn Earth Elementalist began the
                  | quest for the Orb.
     0 | D:1      | Reached XP level 1. HP: 13/13 MP: 3/3
   315 | D:1      | Gained mutation: You are partially covered in sharp spines.
                  | [demonic ancestry]
   315 | D:1      | Reached XP level 2. HP: 19/19 MP: 3/5
   400 | D:1      | Found a faded altar of an unknown god.
   875 | D:1      | Gained mutation: You are mostly covered in sharp spines.
                  | [demonic ancestry]
   875 | D:1      | Reached XP level 3. HP: 24/24 MP: 7/7
  1278 | D:1      | Learned a level 2 spell: Passwall
  1282 | D:1      | Learned a level 3 spell: Stone Arrow
  1553 | D:2      | Reached XP level 4. HP: 30/30 MP: 3/9
  1691 | D:2      | Noticed Natasha
  1694 | D:2      | Killed Natasha
  1757 | D:2      | Noticed Natasha
  1763 | D:2      | Killed Natasha
  1764 | D:2      | Gained mutation: You are completely covered in sharp
                  | spines. [demonic ancestry]
  1764 | D:2      | Reached XP level 5. HP: 35/35 MP: 5/11
  2251 | D:2      | Noticed Natasha
  2255 | D:2      | Killed Natasha
  2338 | D:2      | Learned a level 4 spell: Petrify
  2467 | D:3      | Noticed Sigmund
  2480 | D:3      | Killed Sigmund
  2481 | D:3      | Gained mutation: Spells you cast may paralyse adjacent
                  | enemies. [demonic ancestry]
  2481 | D:3      | Reached XP level 6. HP: 36/41 MP: 4/13
  2866 | D:3      | Reached skill level 5 in Spellcasting
  3248 | D:4      | Gained mutation: You are partially covered in large bone
                  | plates. (SH +4) [demonic ancestry]
  3248 | D:4      | Reached XP level 7. HP: 30/46 MP: 9/14
  3957 | D:4      | Found Putept's Weapon Emporium.
  3972 | D:4      | Learned a level 3 spell: Swiftness
  4004 | D:5      | Entered Level 5 of the Dungeon
  4008 | D:5      | Reached skill level 5 in Earth Magic
  4079 | D:5      | Reached skill level 1 in Short Blades
  4318 | D:5      | Gained mutation: You are mostly covered in large bone
                  | plates. (SH +6) [demonic ancestry]
  4318 | D:5      | Reached XP level 8. HP: 52/52 MP: 12/17
  4574 | D:6      | Found a staircase to the Ecumenical Temple.
  4603 | Temple   | Entered the Ecumenical Temple
  4610 | Temple   | Became a worshipper of Cheibriados the Contemplative
  4775 | D:6      | Found an iron altar of Okawaru.
  5086 | D:6      | Reached skill level 1 in Fighting
  5312 | D:6      | Reached skill level 1 in Staves
  5312 | D:6      | Reached skill level 1 in Shields
  5332 | D:6      | Learned a level 4 spell: Fulminant Prism
  5463 | D:7      | Reached skill level 5 in Stealth
  5494 | D:7      | Reached * piety under Cheibriados
  5500 | D:7      | Killed from afar by an orc priest

Illustrated notes

Levels and vault maps discovered:
D:1:      heliophobic_arrival_ceremonial_halls, layout_basic,
          hellmonk_ecumenical_altar_zigzags
D:2:      layout_basic, minmay_pentomino_v2, uniq_natasha
D:3:      layout_rooms, zin_treasury, uniq_sigmund
D:4:      layout_basic, serial_shops, nicolae_shop_window_shopping,
          minmay_ruptured
D:5:      layout_rooms
D:6:      layout_basic, okawaru_metal_pillars_1_2, minmay_temple_entry_crystal_x
D:7:      layout_gridville, lemuel_doored_altar, hangedman_abyss_or_decor_passed
Temple:   sentei_temple_godly_chess

Skill      XL: |  1  2  3  4  5  6  7  8 |
---------------+-------------------------+-----
Stealth        | 2 3 5 |  5.0
Earth Magic    | 3 4 5 6 |  6.1
Spellcasting   | 3 4 5 6 |  6.9
Dodging        | 2 |  2.7
Short Blades   | 1 |  1.3
Fighting       | 1 |  1.8
Staves         | 2 |  2.1
Shields        | 1 |  1.1
Transmutations | |  0.8

Action                   |  1- 3 |  4- 6 |  7- 9 || total
-------------------------+-------+-------+-------++-------
Melee: Unarmed           |    12 |       |       ||    12
       Dagger            |     1 |     8 |    11 ||    20
       Punch             |       |       |     1 ||     1
       Quarterstaff      |       |       |    49 ||    49
 Cast: Sandblast         |    41 |    62 |    54 ||   157
  Use: Potion            |     1 |       |       ||     1
       Scroll            |       |       |    10 ||    10
 Stab: Sleeping          |     2 |     3 |     8 ||    13
       Paralysed         |       |       |     8 ||     8
Armor: Robe              |     5 |     3 |     3 ||    11
       Steam dragon scal |       |       |     1 ||     1
Dodge: Dodged            |    21 |    12 |    33 ||    66
Block: Other             |       |       |    23 ||    23
